 Dungeon Crawl Stone Soup version 0.30-a0-930-gb9d0489357 (webtiles) character file.

Game seed: 12254722719388515986

7645 funkygono the Cleaver (level 10, -3/94 HPs)
             Began as a Minotaur Fighter on Mar 23, 2023.
             Was a Believer of Okawaru.
             Succumbed to a cane toad's poison
             ... on level 2 of the Lair of Beasts.
             The game lasted 00:16:29 (8876 turns).

funkygono the Cleaver (Minotaur Fighter)            Turns: 8876, Time: 00:16:30

Health: -3/94      AC: 22    Str: 31    XL:     10   Next: 99%
Magic:  18/18      EV: 12    Int:  5    God:    Okawaru [**....]
Gold:   613        SH: 10    Dex: 12    Spells: 9/9 levels left

rFire   + . .      SeeInvis .    a - +1 war axe
rCold   . . .      Faith    .    t - +0 kite shield
rNeg    . . .      Spirit   .    h - +1 plate armour
rPois   .          Reflect  .    (helmet restricted)
rElec   .          Rampage  .    E - +2 cloak
rCorr   .                        (no gloves)
Will    .....                    d - +2 pair of boots of Zumumm {+Blink rF+ MP+9 Dex+2} Stlth
                                 k - amulet of magic regeneration
HPRegen 0.35/turn                K - +6 ring of strength
MPRegen 0.56/turn                H - +5 ring of evasion

@: lethally poisoned (-3 -> -60)
A: horns 2, retaliatory headbutt
a: Renounce Religion, Evoke Blink, Heroism


You were on level 2 of the Lair of Beasts.
You worshipped Okawaru.
Okawaru was pleased with you.
You visited 3 branches of the dungeon, and saw 11 of its levels.

You collected 613 gold pieces.

Inventory:

Hand Weapons
 a - a +1 war axe (weapon)
 v - the +10 falchion of Eternal Harmony {drain, Dex+3}
   (You found it on level 4 of the Dungeon)

   Dex:       It affects your dexterity (+3).
Missiles
 b - 5 boomerangs
 g - 3 curare-tipped darts
 j - 7 javelins (quivered)
 r - 19 poisoned darts
Armour
 d - the +2 pair of boots of Zumumm (worn) {+Blink rF+ MP+9 Dex+2}
   (You acquired it on level 5 of the Dungeon)

   Dex:       It affects your dexterity (+2).
   rF:        It protects you from fire.
   MP:        It affects your magic capacity (+9).
   +Blink:    It lets you blink.
 h - a +1 plate armour (worn)
 t - a +0 kite shield (worn)
 E - a +2 cloak (worn)
Jewellery
 c - an amulet of faith
 k - an amulet of magic regeneration (around neck)
 q - a ring of positive energy
 H - a +5 ring of evasion (right hand)
 K - a +6 ring of strength (left hand)
 M - a ring of protection from fire
Wands
 n - a wand of mindburst (9)
 y - a wand of roots (9)
Scrolls
 e - a scroll of butterflies {unknown}
 f - a scroll of blinking
 i - a scroll of identify
 m - 2 scrolls of magic mapping
 o - a scroll of amnesia
 s - a scroll of enchant weapon
 A - a scroll of poison
 F - 4 scrolls of teleportation
 G - a scroll of enchant armour
Potions
 l - 6 potions of curing
 p - a potion of berserk rage
 w - 3 potions of flight
 x - a potion of cancellation
 z - 3 potions of heal wounds
 D - a potion of resistance {unknown}
 L - 2 potions of might
 O - a potion of mutation {unknown}


   Skills:
 + Level 10.7 Fighting
 + Level 13.6 Axes
 + Level 0.7 Throwing
 + Level 9.6 Armour
 + Level 1.4 Dodging
 + Level 1.3 Stealth
 + Level 7.2 Shields


You had 9 spell levels left.
You didn't know any spells.
Your spell library contained the following spells:

 Spells                   Type           Power      Damage    Failure   Level
 Apportation              Tloc           0%         N/A       100%        1
 Magic Dart               Conj           0%         1d3       100%        1
 Necrotise                Necr           0%         1d4       100%        1
 Blink                    Tloc           0%         N/A       100%        2
 Cigotuvi's Dreadful Rot  Necr/Pois/Air  0%         N/A       100%        2
 Lesser Beckoning         Tloc           0%         N/A       100%        2
 Momentum Strike          Conj/Tloc      0%         3d8       100%        2
 Poisonous Vapours        Pois/Air       0%         N/A       100%        2
 Mephitic Cloud           Conj/Pois/Air  0%         N/A       100%        3
 Orb of Destruction       Conj           0%         9d5       100%        7
 Summon Small Mammal      Summ           Unusable   N/A       N/A         1
 Call Imp                 Summ           Unusable   N/A       N/A         2
 Summon Guardian Golem    Hex/Summ       Unusable   N/A       N/A         3
 Spellforged Servitor     Conj/Summ      Unusable   N/A       N/A         7

Dungeon Overview and Level Annotations

Branches:
Dungeon (8/15)             Temple (1/1) D:7            Lair (2/5) D:8
  Swamp: Lair:2-3    Shoals: Lair:2-3     Snake: Lair:2-3    Spider: Lair:2-3

Altars:
Ashenzari
Cheibriados
Dithmenos
Elyvilon
Fedhas
Gozag
Hepliaklqana
Kikubaaqudgha
Makhleb
Nemelex Xobeh
Okawaru
Qazlal
Ru
Sif Muna
Uskayaw
Vehumet
Wu Jian
Xom
Yredelemnul
Zin
The Shining One


Innate Abilities, Weirdness & Mutations

You have a pair of horns on your head.
You reflexively headbutt those who attack you in melee.


Message History

You hit the cane toad but do no damage.
The cane toad is moderately wounded.
The cane toad stings you but does no damage.
You hit the cane toad but do no damage. Your headbutt misses the cane toad.
The cane toad is moderately wounded.
The cane toad stings you!
You are poisoned.
The cane toad poisons you!
You hit the cane toad but do no damage.
The cane toad is moderately wounded.
You feel very sick. You block the cane toad's attack.
You barely miss the cane toad. You headbutt the cane toad.
The cane toad is heavily wounded.
You feel very sick.
The cane toad stings you but does no damage.
You hit the cane toad.
The cane toad is heavily wounded.
You feel very sick. The cane toad stings you!
You are more poisoned.
The cane toad poisons you!
You slash the cane toad!
The cane toad is almost dead.
You feel very sick. The cane toad stings you.
You are lethally poisoned!
The cane toad poisons you! The cane toad stings you!
* * * LOW HITPOINT WARNING * * *
You are more poisoned.
The cane toad poisons you!
You closely miss the cane toad.
The cane toad is almost dead.
* * * LOW HITPOINT WARNING * * *
You feel extremely sick. You block the cane toad's attack.
You hit the cane toad but do no damage. You headbutt the cane toad.
You kill the cane toad!
Okawaru accepts your kill.
You die...

###
#............##.........
##...........#..........
##..<......#.#.........
#P.....................
..................#####...
................P## #.
#.............#..#
#............#####
............@#
#........#.†††# ...
##..... .. ##......
##....... #...... ##....
....


There were no monsters in sight!

Vanquished Creatures
  A two-headed ogre (D:6)
  Maggie (D:7)
  A rime drake (D:8)
  3 cane toads
  A troll (D:6)
  A hornet (D:8)
  A wyvern (D:7)
  2 steam dragons
  A vampire mosquito (D:6)
  6 water moccasins
  Duvessa (D:7)
  3 sky beasts
  2 orc warriors
  9 wolves
  6 ice beasts
  A black bear (D:5)
  3 ogres
  2 centaurs
  A kobold brigand (D:8)
  3 bullfrogs
  A gnoll sergeant (D:6)
  3 scorpions
  4 wights (D:7)
  Dowan (D:7)
  6 killer bees
  A howler monkey (D:5)
  5 jellies (D:4)
  5 orc priests
  2 hounds (D:4)
  3 iguanas
  Crazy Yiuf (D:5)
  An orc wizard (D:7)
  20 gnolls
  15 adders
  2 white imps
  2 ufetubi
  4 worms
  3 dart slugs
  42 orcs
  7 ball pythons
  8 bats
  5 endoplasms
  5 giant cockroaches
  9 goblins
  7 hobgoblins
  4 jackals
  8 quokkas
  A frilled lizard (D:3)
  8 kobolds
  6 rats
238 creatures vanquished.

Vanquished Creatures (others)
  3 fungi (D:5)
  8 plants (D:3)
11 creatures vanquished.

Grand Total: 249 creatures vanquished

Notes
Turn   | Place    | Note
-------+----------+-------------------------------------------
     0 | D:1      | funkygono the Minotaur Fighter began the quest for the Orb.
     0 | D:1      | Reached XP level 1. HP: 19/19 MP: 0/0
   121 | D:1      | Reached XP level 2. HP: 24/27 MP: 1/1
   543 | D:2      | Reached XP level 3. HP: 33/33 MP: 2/2
   548 | D:2      | Reached skill level 3 in Axes
   575 | D:2      | Identified the +1 short sword "Wocargh" {speed, Int+2}
   762 | D:2      | Reached XP level 4. HP: 40/40 MP: 3/3
   934 | D:2      | Found a faded altar of an unknown god.
  1107 | D:2      | Reached skill level 4 in Axes
  1598 | D:3      | Reached XP level 5. HP: 38/47 MP: 4/4
  2320 | D:3      | Reached skill level 5 in Axes
  2476 | D:4      | Identified the +10 falchion of Eternal Harmony {drain,
                  | Dex+3}
  2617 | D:4      | Reached skill level 5 in Armour
  2617 | D:4      | Reached XP level 6. HP: 50/55 MP: 5/5
  2751 | D:4      | Reached skill level 5 in Fighting
  2831 | D:4      | Noticed an orc warrior
  2851 | D:4      | Killed an orc warrior
  2852 | D:4      | Reached skill level 6 in Axes
  3031 | D:4      | Reached skill level 1 in Dodging
  3031 | D:4      | Reached XP level 7. HP: 8/61 MP: 6/6
  3265 | D:4      | Reached skill level 7 in Axes
  3432 | D:4      | Noticed a +0 dagger
  3434 | D:4      | Noticed a +0 short sword
  3434 | D:4      | Noticed a +0 short sword
  3442 | D:4      | Noticed a +0 spear
  3443 | D:4      | Noticed a +0 falchion
  3445 | D:4      | Noticed a +0 dagger
  3445 | D:4      | Noticed a +0 falchion
  3445 | D:4      | Noticed a +0 spear
  3587 | D:4      | Found a hide-covered altar of Uskayaw.
  3821 | D:5      | Entered Level 5 of the Dungeon
  3967 | D:5      | Found a sacrificial altar of Ru.
  3978 | D:5      | Reached skill level 8 in Axes
  4060 | D:5      | Reached XP level 8. HP: 70/70 MP: 7/7
  4062 | D:5      | Reached skill level 5 in Shields
  4102 | D:5      | Found a snail-covered altar of Cheibriados.
  4227 | D:5      | Reached skill level 9 in Axes
  4461 | D:5      | Found a runed translucent door.
  4462 | D:5      | Noticed Crazy Yiuf
  4606 | D:5      | Killed Crazy Yiuf
  4622 | D:5      | Identified a scroll of acquirement
  4622 | D:5      | Acquired the +2 pair of boots of Zumumm {+Blink rF+ MP+9
                  | Dex+2}
  4677 | D:6      | Identified the +1 robe of Iwao {Rampage *Slow Int+5 Dex+2}
  4697 | D:6      | Noticed a two-headed ogre
  4721 | D:6      | Killed a two-headed ogre
  4722 | D:6      | Reached skill level 10 in Axes
  4722 | D:6      | Reached skill level 1 in Stealth
  4722 | D:6      | Reached XP level 9. HP: 79/79 MP: 8/8
  5510 | D:6      | Noticed a troll
  5518 | D:6      | Killed a troll
  5709 | D:7      | Noticed Dowan
  5711 | D:7      | Noticed Duvessa
  5721 | D:7      | Killed Duvessa
  5725 | D:7      | Killed Dowan
  5777 | D:7      | Found a staircase to the Ecumenical Temple.
  5796 | Temple   | Entered the Ecumenical Temple
  5937 | D:7      | Reached skill level 11 in Axes
  6210 | D:7      | Found a sparkling altar of Nemelex Xobeh.
  6321 | D:7      | Noticed Maggie
  6331 | D:7      | Killed Maggie
  6442 | D:7      | Reached XP level 10. HP: 81/90 MP: 9/9
  6483 | D:7      | Found a stormy altar of Qazlal.
  6488 | D:7      | Found a blossoming altar of Fedhas.
  6669 | D:7      | Reached skill level 12 in Axes
  7240 | D:8      | Found an iron altar of Okawaru.
  7240 | D:8      | Found a hazy altar of Hepliaklqana.
  7244 | D:8      | Became a worshipper of Warmaster Okawaru
  7372 | D:8      | Found a staircase to the Lair.
  7456 | D:8      | Reached * piety under Okawaru
  7472 | D:8      | Reached skill level 13 in Axes
  7801 | D:8      | Found a shimmering blue altar of Sif Muna.
  8138 | Lair:1   | Entered Level 1 of the Lair of Beasts
  8139 | Lair:1   | Noticed a cane toad
  8146 | Lair:1   | Killed a cane toad
  8147 | Lair:1   | Reached skill level 10 in Fighting
  8820 | Lair:2   | Noticed a cane toad
  8824 | Lair:2   | Killed a cane toad
  8857 | Lair:2   | Reached ** piety under Okawaru
  8862 | Lair:2   | Noticed a cane toad
  8876 | Lair:2   | Killed a cane toad
  8876 | Lair:2   | Succumbed to a cane toad's poison

Illustrated notes

Levels and vault maps discovered:
D:1:      psy_arrival_dodecagon, layout_rooms
D:2:      layout_loops_ring, shapermc_ecumenical_altar_ellora, st_stairs_4
D:3:      layout_loops_corners, nicolae_grassy_gnolls
D:4:      minmay_inner_zag, layout_loops_ring, nicolae_uskayaw_en_pointe
D:5:      layout_rooms, marbit_many_paths, lemuel_doored_altar,
          uniq_crazy_yiuf_cottage
D:6:      minmay_chambers_of_sixes, layout_rooms
D:7:      layout_gridville, grunt_temple_overflow_forces_of_nature,
          nemelex_dance_club_becter, minmay_temple_entry_statues_fountains,
          minivault_24, hangedman_minor_gate_pass, uniq_duvessa, uniq_maggie
D:8:      layout_cave_pods, mainiacjoe_overflow_divided_tiny, led_sif_pool,
          hellmonk_lair_entry_icy
Temple:   nicolae_temple_godzebo
Lair:1:   layout_loops_ring
Lair:2:   layout_layer_cave, grunt_forest_large_clearings

Skill      XL: |  1  2  3  4  5  6  7  8  9 10 |
---------------+-------------------------------+-----
Armour         | 4 5 6 8 9 |  9.6
Fighting       | 4 5 6 7 8 10 | 10.7
Shields        | 4 5 6 7 |  7.2
Axes           | 3 4 5 6 8 10 11 13 | 13.6
Dodging        | 1 |  1.4
Stealth        | 1 |  1.3
Throwing       | |  0.7

Action                     |  1- 3 |  4- 6 |  7- 9 | 10-12 || total
---------------------------+-------+-------+-------+-------++-------
  Melee: War axe           |    66 |   179 |   244 |   172 ||   661
         Headbutt          |     7 |    35 |    58 |    29 ||   129
  Throw: Javelin           |       |       |     2 |     1 ||     3
    Use: Potion            |       |     1 |     2 |       ||     3
         Scroll            |       |       |    14 |     6 ||    20
 Armour: Scale mail        |    17 |       |       |       ||    17
         Plate armour      |    21 |   111 |   123 |    71 ||   326
  Dodge: Dodged            |    23 |    70 |    87 |    92 ||   272
  Block: Buckler           |    13 |    32 |    54 |    32 ||   131
         Kite shield       |       |       |       |    18 ||    18

Table legend: (Time is in decaauts)
 A = Elapsed time spent in this place.
 B = Non-inter-level travel time spent in this place.
 C = Inter-level travel time spent in this place.
 D = Time resting spent in this place.
 E = Time spent auto-exploring this place.
 F = Levels seen in this place.
 G = Mean time per level.
                   A        B        C        D        E       F      G
               +--------+--------+--------+--------+--------+-----+--------+
         Total |   8982 |   8677 |    305 |    370 |   6452 |  11 |  816.5 |
       Dungeon |   8152 |   7912 |    240 |    370 |   5777 |   8 | 1019.0 |
        Temple |     94 |     79 |     15 |      0 |     70 |   1 |   94.0 |
          Lair |    735 |    686 |     49 |      0 |    605 |   2 |  367.5 |
               +--------+--------+--------+--------+--------+-----+--------+

Top non-repeatable levels by time:
     D:4: 1479 daAuts
     D:7: 1253 daAuts
     D:8: 1074 daAuts
     D:3: 966 daAuts
     D:2: 941 daAuts
     D:5: 933 daAuts
     D:6: 879 daAuts
  Lair:1: 659 daAuts
     D:1: 623 daAuts
  Temple: 94 daAuts
  Lair:2: 76 daAuts
